| TOP OF THE 1ST |
|
Corpus Christi Hooks batting - Pitching for Trenton Thunder : RHP Tim Honaker
|
|
Pitching: RHP Tim Honaker
|
|
|
Batting: RHB Xavier Castaneda
|
0-0: Foul Ball, location: 2F 0-1: Ball 1-1: Ball 2-1: Fly out, F9 (Flyball, 9S, EV 93.1 MPH)
|
|
Batting: LHB Glenn Lowther
|
0-0: Ball 1-0: Foul Ball, location: 2F 1-1: Fly out, F3 (Line Drive, 3, EV 68.1 MPH)
|
|
Batting: RHB Kyle Davis
|
0-0: Called Strike 0-1: Called Strike 0-2: Hit by Pitch
|
|
Batting: LHB Bob Dietz
|
0-0: Ball 1-0: Ball 2-0: Ball 3-0: Base on Balls Kyle Davis to second
|
|
Batting: RHB Alex Campos
|
0-0: Foul Ball, location: 2F 0-1: Fielders Choice at 2nd, 5-4 (Groundball, 56, EV 89.4 MPH)
|
| Top of the 1st over - 0 runs, 0 hits, 0 errors, 2 left on base; Corpus Christi 0 - Trenton 0 |
| BOTTOM OF THE 1ST |
|
Trenton Thunder batting - Pitching for Corpus Christi Hooks : RHP Jorge Aguilar
|
|
Pitching: RHP Jorge Aguilar
|
|
|
Batting: LHB Justin O'Neal
|
0-0: Foul Ball, location: 2F 0-1: Ball 1-1: Foul Ball, location: 2F 1-2: DOUBLE (Flyball, 89XD, EV 102.5 MPH)
|
|
Batting: LHB Steve LeGrand
|
0-0: Ball 1-0: Ball 2-0: Fly out, F3 (Popup, 23F, EV 86.2 MPH)
|
|
Batting: SHB Corey Penson
|
0-0: Fly out, F7 (Flyball, 7LD, EV 95.0 MPH) Runner from 2nd tags up, OUT at 3rd! 7-5
|
| Bottom of the 1st over - 0 runs, 1 hit, 0 errors, 0 left on base; Corpus Christi 0 - Trenton 0 |
| TOP OF THE 2ND |
|
Corpus Christi Hooks batting - Pitching for Trenton Thunder : RHP Tim Honaker
|
|
Batting: RHB Pat McCoy
|
0-0: Ball 1-0: Called Strike 1-1: Swinging Strike 1-2: Ball 2-2: Ground out 1-3 (Groundball, 13S, EV 71.9 MPH)
|
|
Batting: RHB Edgar Trejo
|
0-0: Ball 1-0: Foul Ball, location: 2F 1-1: Ball 2-1: Fly out, F7 (Flyball, 7, EV 86.2 MPH)
|
|
Batting: RHB Kieron Clark
|
0-0: Called Strike 0-1: Foul Ball, location: 2F 0-2: Ball 1-2: Ground out 5-3 (Groundball, 5, EV 110.6 MPH)
|
| Top of the 2nd over - 0 runs, 0 hits, 0 errors, 0 left on base; Corpus Christi 0 - Trenton 0 |
| BOTTOM OF THE 2ND |
|
Trenton Thunder batting - Pitching for Corpus Christi Hooks : RHP Jorge Aguilar
|
|
Batting: LHB Dale Anderson
|
0-0: Ball 1-0: Ball 2-0: Called Strike 2-1: SOLO HOME RUN (Flyball, 7LD, EV 98.8 MPH), Distance : 381 ft
|
|
Batting: RHB Elmar Adenauer
|
0-0: Foul Ball, location: 2F 0-1: Called Strike 0-2: Ball 1-2: Strikes out swinging, 2-3 out at first.
|
|
Batting: RHB Phil Reeves
|
0-0: Fly out, F9 (Flyball, 9, EV 90.0 MPH)
|
|
Batting: SHB Houston Phillips
|
0-0: Ball 1-0: Called Strike 1-1: Foul Ball, location: 2F 1-2: Fly out, F4 (Popup, 4S, EV 71.2 MPH)
|
| Bottom of the 2nd over - 1 run, 1 hit, 0 errors, 0 left on base; Corpus Christi 0 - Trenton 1 |
| TOP OF THE 3RD |
|
Corpus Christi Hooks batting - Pitching for Trenton Thunder : RHP Tim Honaker
|
|
Batting: RHB Oren Jones
|
0-0: Ball 1-0: Called Strike 1-1: Ground out 5-3 (Groundball, 56, EV 87.5 MPH)
|
|
Batting: RHB Xavier Castaneda
|
0-0: Ball 1-0: Called Strike 1-1: Swinging Strike 1-2: Ball 2-2: Foul Ball, location: 2F 2-2: Ground out U3 (Groundball, 3, EV 101.9 MPH)
|
|
Batting: LHB Glenn Lowther
|
0-0: Ball 1-0: Ball 2-0: Fly out, F9 (Flyball, 9S, EV 89.4 MPH)
|
| Top of the 3rd over - 0 runs, 0 hits, 0 errors, 0 left on base; Corpus Christi 0 - Trenton 1 |
| BOTTOM OF THE 3RD |
|
Trenton Thunder batting - Pitching for Corpus Christi Hooks : RHP Jorge Aguilar
|
|
Batting: RHB Jonathan Iniguez
|
0-0: SINGLE (Groundball, 34D, EV 102.5 MPH)
|
|
Batting: RHB Nazeeh Zubair
|
0-0: Fly out, F4 (Popup, 3DF, EV 50.0 MPH)
|
|
Batting: LHB Justin O'Neal
|
0-0: Swinging Strike 0-1: Foul Ball, location: 2F 0-2: Ball 1-2: Strikes out swinging
|
|
Batting: LHB Steve LeGrand
|
0-0: Ball 1-0: SINGLE (Groundball, 34S, EV 81.9 MPH) (infield hit) Jonathan Iniguez to second
|
|
Batting: SHB Corey Penson
|
0-0: 3-RUN HOME RUN (Flyball, 9D, EV 98.8 MPH), Distance : 382 ft
|
|
Batting: LHB Dale Anderson
|
0-0: Ground out 4-3 (Groundball, 4, EV 87.5 MPH)
|
| Bottom of the 3rd over - 3 runs, 3 hits, 0 errors, 0 left on base; Corpus Christi 0 - Trenton 4 |
| TOP OF THE 4TH |
|
Corpus Christi Hooks batting - Pitching for Trenton Thunder : RHP Tim Honaker
|
|
Batting: RHB Kyle Davis
|
0-0: Ground out 5-3 (Groundball, 5, EV 110.0 MPH)
|
|
Batting: LHB Bob Dietz
|
0-0: Ball 1-0: Called Strike 1-1: Swinging Strike 1-2: Strikes out swinging
|
|
Batting: RHB Alex Campos
|
0-0: Ball 1-0: Ball 2-0: Foul Ball, location: 2F 2-1: Ground out 5-3 (Groundball, 56, EV 105.6 MPH)
|
| Top of the 4th over - 0 runs, 0 hits, 0 errors, 0 left on base; Corpus Christi 0 - Trenton 4 |
| BOTTOM OF THE 4TH |
|
Trenton Thunder batting - Pitching for Corpus Christi Hooks : RHP Jorge Aguilar
|
|
Batting: RHB Elmar Adenauer
|
0-0: Called Strike 0-1: Ball 1-1: Ball 2-1: Foul Ball, location: 2F 2-2: Fly out, F3 (Popup, 3F, EV 60.0 MPH)
|
|
DELAY
|
Rain delay of 67 minutes in the 4th inning.
|
|
Batting: RHB Phil Reeves
|
0-0: Ball 1-0: Ball 2-0: Ball 3-0: Called Strike 3-1: Called Strike 3-2: Foul Ball, location: 2F 3-2: Strikes out swinging
|
|
Batting: SHB Houston Phillips
|
0-0: Ball 1-0: Ball 2-0: Called Strike 2-1: SINGLE (Groundball, 56, EV 102.5 MPH)
|
|
Batting: RHB Jonathan Iniguez
|
0-0: Ball 1-0: Fly out, F8 (Flyball, 8RD, EV 103.1 MPH)
|
| Bottom of the 4th over - 0 runs, 1 hit, 0 errors, 1 left on base; Corpus Christi 0 - Trenton 4 |
| TOP OF THE 5TH |
|
Corpus Christi Hooks batting - Pitching for Trenton Thunder : RHP Tim Honaker
|
|
Batting: RHB Pat McCoy
|
0-0: Ball 1-0: Called Strike 1-1: Ball 2-1: Ground out 4-3 (Groundball, 4, EV 87.5 MPH)
|
|
Batting: RHB Edgar Trejo
|
0-0: Called Strike 0-1: Fly out, F9 (Flyball, 9, EV 94.4 MPH)
|
|
Batting: RHB Kieron Clark
|
0-0: Ground out 6-3 (Groundball, 6, EV 88.1 MPH)
|
| Top of the 5th over - 0 runs, 0 hits, 0 errors, 0 left on base; Corpus Christi 0 - Trenton 4 |
| BOTTOM OF THE 5TH |
|
Trenton Thunder batting - Pitching for Corpus Christi Hooks : RHP Jorge Aguilar
|
|
Batting: RHB Nazeeh Zubair
|
0-0: Ball 1-0: Ball 2-0: Ball 3-0: Called Strike 3-1: SINGLE (Groundball, 5D, EV 104.4 MPH)
|
|
Batting: LHB Justin O'Neal
|
0-0: Fielders Choice at 2nd, 6-4 (Groundball, 56, EV 104.4 MPH)
|
|
Batting: LHB Steve LeGrand
|
0-0: Ball 1-0: Ball Justin O'Neal steals 2nd base 2-0: Foul Ball, location: 2F 2-1: Fly out, F9 (Line Drive, 89M, EV 90.0 MPH)
|
|
Batting: SHB Corey Penson
|
0-0: Called Strike 0-1: Fly out, F8 (Line Drive, 8LM, EV 91.2 MPH)
|
| Bottom of the 5th over - 0 runs, 1 hit, 0 errors, 1 left on base; Corpus Christi 0 - Trenton 4 |
| TOP OF THE 6TH |
|
Corpus Christi Hooks batting - Pitching for Trenton Thunder : RHP Tim Honaker
|
|
Pitching: LHP Jon Moore
|
|
|
Batting: RHB Oren Jones
|
0-0: Fly out, F7 (Flyball, 7, EV 83.1 MPH)
|
|
Batting: RHB Xavier Castaneda
|
0-0: Called Strike 0-1: Foul Ball, location: 2F 0-2: Ball 1-2: Ball 2-2: Strikes out swinging
|
|
Batting: LHB Glenn Lowther
|
0-0: Ground out 6-3 (Groundball, 6M, EV 109.4 MPH)
|
| Top of the 6th over - 0 runs, 0 hits, 0 errors, 0 left on base; Corpus Christi 0 - Trenton 4 |
| BOTTOM OF THE 6TH |
|
Trenton Thunder batting - Pitching for Corpus Christi Hooks : RHP Jorge Aguilar
|
|
Batting: LHB Dale Anderson
|
0-0: Foul Ball, location: 2F 0-1: Ball 1-1: Ball 2-1: Foul Ball, location: 2F 2-2: Strikes out swinging
|
|
Batting: RHB Elmar Adenauer
|
0-0: Ball 1-0: Called Strike 1-1: SINGLE (Groundball, 4MD, EV 105.0 MPH) (infield hit)
|
|
Pitching: LHP Blaine Whitmore
|
|
|
Batting: RHB Phil Reeves
|
0-0: Ball 1-0: Ball Pickoff Throw to First - Error! E1 Elmar Adenauer to second 2-0: SINGLE (Groundball, 56S, EV 62.5 MPH) (infield hit) Elmar Adenauer to third
|
|
Batting: SHB Houston Phillips
|
0-0: Called Strike 0-1: Ball 1-1: Foul Ball, location: 2F 1-2: Fielders Choice at 2nd, 4-6 (Groundball, 34, EV 97.5 MPH) Elmar Adenauer scores
|
|
Batting: RHB Jonathan Iniguez
|
0-0: Ball Houston Phillips steals 2nd base 1-0: Called Strike 1-1: Called Strike 1-2: Ball 2-2: Ground out 4-3 (Groundball, 4MD, EV 106.9 MPH)
|
| Bottom of the 6th over - 1 run, 2 hits, 1 error, 1 left on base; Corpus Christi 0 - Trenton 5 |
| TOP OF THE 7TH |
|
Corpus Christi Hooks batting - Pitching for Trenton Thunder : LHP Jon Moore
|
|
Batting: RHB Kyle Davis
|
0-0: Ball 1-0: Fly out, F8 (Line Drive, 89D, EV 105.0 MPH)
|
|
Batting: LHB Bob Dietz
|
0-0: Ball 1-0: Foul Ball, location: 2F 1-1: Ball 2-1: Swinging Strike 2-2: Ball 3-2: Foul Ball, location: 2F 3-2: Ground out 6-3 (Groundball, 56D, EV 88.1 MPH)
|
|
Batting: RHB Alex Campos
|
0-0: Ball 1-0: Ball 2-0: Called Strike 2-1: Fly out, F9 (Flyball, 9D, EV 76.9 MPH)
|
| Top of the 7th over - 0 runs, 0 hits, 0 errors, 0 left on base; Corpus Christi 0 - Trenton 5 |
| BOTTOM OF THE 7TH |
|
Trenton Thunder batting - Pitching for Corpus Christi Hooks : LHP Blaine Whitmore
|
|
Batting: RHB Nazeeh Zubair
|
0-0: Foul Ball, location: 2F 0-1: Hit by Pitch
|
|
Batting: LHB Justin O'Neal
|
0-0: Ball 1-0: Called Strike 1-1: Foul Ball, location: 2F 1-2: Ball 2-2: Fly out, F9 (Flyball, 9, EV 92.5 MPH)
|
|
Batting: LHB Steve LeGrand
|
0-0: Called Strike 0-1: Ball 1-1: Swinging Strike 1-2: Foul Ball, location: 2F 1-2: Foul Ball, location: 2F 1-2: Foul Ball, location: 2F 1-2: Ball 2-2: Strikes out swinging
|
|
Batting: SHB Corey Penson
|
0-0: Called Strike 0-1: Foul Ball, location: 2F 0-2: SINGLE (Groundball, 34D, EV 98.8 MPH) Nazeeh Zubair to second Runner from 2nd tries for 3rd, SAFE, throw by RF made to third Corey Penson to second
|
|
Batting: LHB Dale Anderson
|
0-0: Ball 1-0: Ball 2-0: Called Strike 2-1: Foul Ball, location: 2F 2-2: Strikes out swinging
|
| Bottom of the 7th over - 0 runs, 1 hit, 0 errors, 2 left on base; Corpus Christi 0 - Trenton 5 |
| TOP OF THE 8TH |
|
Corpus Christi Hooks batting - Pitching for Trenton Thunder : LHP Jon Moore
|
|
Batting: RHB Pat McCoy
|
0-0: Called Strike 0-1: Foul Ball, location: 2F 0-2: Hit by Pitch
|
|
Batting: RHB Edgar Trejo
|
0-0: Ground out 5-3 (Groundball, 5L, EV 93.1 MPH) Pat McCoy to second
|
|
Batting: RHB Kieron Clark
|
0-0: Ball 1-0: Foul Ball, location: 2F 1-1: SINGLE (Flyball, 7LS, EV 89.4 MPH) Pat McCoy to third Runner from 3rd tries for Home, SAFE, throw by LF to home
|
|
Pinch Hitting: RHB Duncan Collins
|
0-0: Called Strike 0-1: Ball 1-1: Ball 2-1: Swinging Strike 2-2: Foul Ball, location: 2F 2-2: Foul Ball, location: 2F 2-2: Fly out, F9 (Flyball, 9S, EV 83.1 MPH)
|
|
Pitching: RHP Jarred Sharp
|
|
|
Batting: RHB Xavier Castaneda
|
0-0: Swinging Strike 0-1: Ball 1-1: Foul Ball, location: 2F 1-2: Fly out, F7 (Flyball, BS2, EV 106.9 MPH)
|
| Top of the 8th over - 1 run, 1 hit, 0 errors, 1 left on base; Corpus Christi 1 - Trenton 5 |
| BOTTOM OF THE 8TH |
|
Trenton Thunder batting - Pitching for Corpus Christi Hooks : LHP Blaine Whitmore
|
|
Pitching: RHP Zack Evans
|
|
|
Now at 1B: Sean Mounts
|
|
|
Now at SS: Xavier Castaneda
|
|
|
Batting: RHB Elmar Adenauer
|
0-0: Ball 1-0: Ball 2-0: Ball 3-0: Called Strike 3-1: Base on Balls
|
|
Batting: RHB Phil Reeves
|
0-0: Foul Ball, location: 2F 0-1: Ball 1-1: Grounds into double play, 6-4-3 (Groundball, 6, EV 86.2 MPH)
|
|
Batting: SHB Houston Phillips
|
0-0: Ball 1-0: Foul Ball, location: 2F 1-1: Swinging Strike 1-2: Foul Ball, location: 2F 1-2: Ball 2-2: Foul Ball, location: 2F 2-2: SINGLE (Line Drive, 56, EV 106.9 MPH)
|
|
Batting: RHB Jonathan Iniguez
|
0-0: Ball 1-0: SINGLE (Line Drive, 4D, EV 97.5 MPH) Houston Phillips to second
|
|
Batting: RHB Nazeeh Zubair
|
0-0: Called Strike 0-1: Ball 1-1: Called Strike 1-2: Ball 2-2: Reached via error on a dropped throw from SS, E4 (Groundball, 6, EV 108.1 MPH) Houston Phillips to third Jonathan Iniguez to second
|
|
Batting: LHB Justin O'Neal
|
0-0: Ball 1-0: Swinging Strike 1-1: Ball 2-1: Swinging Strike 2-2: Ball 3-2: Ground out U3 (Groundball, 3, EV 110.0 MPH)
|
| Bottom of the 8th over - 0 runs, 2 hits, 1 error, 3 left on base; Corpus Christi 1 - Trenton 5 |
| TOP OF THE 9TH |
|
Corpus Christi Hooks batting - Pitching for Trenton Thunder : RHP Jarred Sharp
|
|
Pitching: RHP Antonio Castillo
|
|
|
Batting: LHB Glenn Lowther
|
0-0: Ball 1-0: Ball 2-0: Ball 3-0: Called Strike 3-1: Fly out, F6 (Line Drive, 6D, EV 68.1 MPH)
|
|
Batting: RHB Kyle Davis
|
0-0: Fly out, F4 (Popup, 4D, EV 58.8 MPH)
|
|
Batting: LHB Bob Dietz
|
0-0: Ball 1-0: Foul Ball, location: 2F 1-1: Called Strike 1-2: Strikes out swinging
|
| Top of the 9th over - 0 runs, 0 hits, 0 errors, 0 left on base; Corpus Christi 1 - Trenton 5 |
|